 Dungeon Crawl Stone Soup version 0.20-a0-420-g83c570d (webtiles) character file.

8489 mopl the Basher (level 11, -1/84 HPs)
             Began as a Mummy Fighter on Dec 31, 2016.
             Was an Initiate of Gozag.
             Slain by a two-headed ogre
             ... wielding a cursed -3 giant club
              (6 damage)
             ... on level 9 of the Dungeon.
             The game lasted 00:18:29 (11876 turns).

mopl the Basher (Mummy Fighter)                    Turns: 11876, Time: 00:18:31

Health: -1/84      AC: 15    Str: 20    XL:     11   Next: 10%
Magic:  11/11      EV:  6    Int:  8    God:    Gozag
Gold:   1278       SH:  4    Dex: 14    Spells: 8/10 levels left

rFire  . . .     SeeInvis .     a - +2 whip (venom)
rCold  . . .     Gourm    .     Q - +0 plate armour
rNeg   + + +     Faith    .     (no shield)
rPois  ∞         Spirit   .     F - +0 helmet
rElec  .         Reflect  +     (no cloak)
rCorr  .         Harm     .     m - +0 pair of gloves
MR     +....                    (no boots)
Stlth  ..........               H - +4 amulet of reflection
                                b - ring of fire
                                w - ring of wizardry

@: no status effects
A: no food or potions, fire vulnerability, cold resistance 1, negative energy
resistance 3, torment resistance, unbreathing
a: Potion Petition, Call Merchant, Bribe Branch, Renounce Religion


You were on level 9 of the Dungeon.
You worshipped Gozag.
Gozag was most pleased with you.
You were not hungry.

You visited 2 branches of the dungeon, and saw 11 of its levels.

You collected 1366 gold pieces.
You paid 88 gold pieces to Gozag.

Inventory:

Hand Weapons
 a - a +2 whip of venom (weapon)
 h - a +1 whip of flaming
 i - a +0 flail
 r - a +2 mace of protection
 z - a +0 halberd of flaming
Missiles
 d - 5 tomahawks of returning
 o - 7 tomahawks of dispersal (quivered)
 t - 49 poisoned needles
 u - 8 javelins
 x - 3 tomahawks
 N - a throwing net
Armour
 c - a +0 shield
 m - a +0 pair of gloves (worn)
 F - a +0 helmet (worn)
 M - a +1 ring mail of cold resistance
 Q - a +0 plate armour (worn)
Jewellery
 b - a ring of fire (right hand)
 w - a ring of wizardry (left hand)
 B - a +5 ring of intelligence
 C - an uncursed amulet of magic regeneration
 H - a +4 amulet of reflection (around neck)
 J - the amulet "Xosch" {Inacc +Inv}
   (You found it on level 8 of the Dungeon)

   [amulet of inaccuracy]

   It reduces the accuracy of all your attacks.
   It lets you turn invisible.
Wands
 e - a wand of enslavement (7/24)
 g - a wand of iceblast (5/15)
 I - a wand of confusion (34/48)
 K - a wand of polymorph (13/24)
 L - a wand of digging (13/24)
 O - a wand of polymorph (7/24)
Scrolls
 f - a scroll of recharging
 l - a scroll of teleportation
 n - a scroll of amnesia
 p - a scroll of blinking
 q - a scroll of enchant armour
 s - 2 scrolls of immolation
 y - a scroll of remove curse
 E - a scroll of enchant weapon {unknown}
 G - 2 scrolls of magic mapping {unknown}
 P - a scroll of silence {unknown}
Books
 j - a book of Maledictions

   Spells                             Type                      Level
   a - Corona                         Hexes                        1
   b - Ensorcelled Hibernation        Hexes/Ice                    2
   c - Confuse                        Hexes                        3
   d - Tukima's Dance                 Hexes                        3
   e - Dazzling Spray                 Conjuration/Hexes            3
 v - a book of Necromancy

   Spells                             Type                      Level
   a - Pain                           Necromancy                   1
   b - Animate Skeleton               Necromancy                   1
   c - Vampiric Draining              Necromancy                   3
   d - Regeneration                   Charms/Necromancy            3
   e - Animate Dead                   Necromancy                   4
   f - Control Undead                 Necromancy                   4
 A - a book of Frost

   Spells                             Type                      Level
   a - Freeze                         Ice                          1
   b - Throw Frost                    Conjuration/Ice              2
   c - Ozocubu's Armour               Charms/Ice                   3
   d - Throw Icicle                   Conjuration/Ice              4
   e - Summon Ice Beast               Ice/Summoning                4
 D - a book of Minor Magic

   Spells                             Type                      Level
   a - Magic Dart                     Conjuration                  1
   b - Blink                          Translocation                2
   c - Call Imp                       Summoning                    2
   d - Repel Missiles                 Charms/Air                   2
   e - Slow                           Hexes                        2
   f - Conjure Flame                  Conjuration/Fire             3
   g - Mephitic Cloud                 Conjuration/Poison/Air       3


   Skills:
 + Level 7.1 Fighting
 * Level 12.2 Maces & Flails
 + Level 5.8 Armour
 - Level 2.4 Shields


You had 8 spell levels left.
You knew the following spells:

 Your Spells              Type           Power        Failure   Level  Hunger
e - Blink                 Tloc           N/A          100%        2    N/A

Dungeon Overview and Level Annotations

Branches:
Dungeon (10/15)            Temple (1/1) D:6
   Lair: D:8-11         Orc: D:9-12

Altars:
Ashenzari
Dithmenos
Elyvilon
Gozag
Kikubaaqudgha
Makhleb
Nemelex Xobeh
Okawaru
Ru
Trog
Uskayaw
Xom
Yredelemnul
Zin

Annotations:
D:8 exclusion: orange crystal statue
D:10 Psyche


Innate Abilities, Weirdness & Mutations

You do not eat or drink.
Your flesh is vulnerable to fire.
You are immune to poison.
Your flesh is cold resistant. (rC+)
You are immune to negative energy. (rN+++)
You are immune to unholy pain and torment.
You can survive without breathing.


Message History

You hit the two-headed ogre but do no damage.
The two-headed ogre looks as sick as possible!
The two-headed ogre is lightly wounded.
The two-headed ogre barely misses you.
The two-headed ogre hits you with a giant club!!
* * * LOW HITPOINT WARNING * * *
You hit the two-headed ogre but do no damage.
The two-headed ogre looks as sick as possible!
The two-headed ogre is moderately wounded.
You whack the two-headed ogre!
The two-headed ogre looks as sick as possible!
The two-headed ogre is moderately wounded.
You hit the two-headed ogre.
The two-headed ogre looks as sick as possible!
The two-headed ogre is heavily wounded.
The two-headed ogre hits you with a giant club!
* * * LOW HITPOINT WARNING * * *
The two-headed ogre hits you with a giant club.
You die...
Your body crumbles into a pile of gold.

..........(.#.##.# #.# #.......
............#..#.# #.# #.......
............##.#.# #.# #.......
.................###.# #.....#.
...................#.# ########
)####............#.#.# #...
.....)).[..........#.#########.##
.#####.....)...[O..#.............
.# #..........@..###########.##
######.........).................
..........##......############.##
######....##......# #.##
#.....##......# #...
#####....!##......# ####
.........###......# #####....#
######## #....#


You could see a two-headed ogre.

Vanquished Creatures
  A two-headed ogre (D:9)
  Pikel (D:8)
  2 trolls (D:9)
  A slime creature (D:9)
  2 hippogriffs (D:7)
  A spriggan (D:7)
  Sigmund (D:2)
  3 yaks (D:7)
  A steam dragon (D:9)
  2 porcupines (D:9)
  5 ice beasts
  An orc warrior (D:9)
  3 sky beasts
  2 slaves (D:8)
  A necrophage (D:7)
  A black bear (D:8)
  A hornet zombie (D:10)
  6 ogres
  3 centaurs
  A crocodile (D:10)
  A big kobold (D:7)
  An elf zombie (D:7)
  6 bullfrogs
  2 elf skeletons (D:7)
  A wyvern skeleton (D:6)
  2 water moccasin skeletons
  4 scorpions
  A killer bee (D:10)
  A wight (D:7)
  3 howler monkeys
  6 crimson imps
  2 centaur zombies
  A bullfrog zombie (D:10)
  4 quasits
  2 hounds
  3 orc priests
  2 bullfrog skeletons
  A gnoll shaman (D:5)
  3 human zombies (D:7)
  A jelly (D:10)
  7 orc wizards
  2 centaur skeletons
  5 iguanas
  3 human skeletons (D:7)
  9 worker ants
  A hound zombie (D:8)
  A hound skeleton (D:6)
  2 mummies (D:7)
  9 gnolls
  8 adders
  An adder zombie (D:8)
  4 worms
  A dart slug (D:3)
  3 leopard geckos
  25 orcs
  2 ball pythons
  5 bats
  6 giant cockroaches
  10 goblins
  9 hobgoblins
  7 jackals
  A quokka (D:3)
  3 frilled lizards
  A jackal skeleton (D:5)
  9 kobolds
  6 rats
226 creatures vanquished.

Vanquished Creatures (others)
  2 slaves (D:8)
  An ogre (D:8)
  A bullfrog (D:8)
  A worker ant (D:8)
  3 fungi (D:10)
8 creatures vanquished.

Grand Total: 234 creatures vanquished

Notes
Turn   | Place    | Note
-------+----------+-------------------------------------------
     0 | D:1      | mopl the Mummy Fighter began the quest for the Orb.
     0 | D:1      | Reached XP level 1. HP: 18/18 MP: 1/1
    70 | D:1      | Reached skill level 2 in Maces & Flails
   330 | D:1      | Reached XP level 2. HP: 24/24 MP: 2/2
  1107 | D:2      | Reached XP level 3. HP: 29/29 MP: 3/3
  1257 | D:2      | Reached skill level 3 in Maces & Flails
  1533 | D:2      | Noticed Sigmund
  1543 | D:2      | Killed Sigmund
  1543 | D:2      | Reached skill level 4 in Maces & Flails
  1543 | D:2      | Reached XP level 4. HP: 32/35 MP: 4/4
  1543 | D:2      | Reached XP level 5. HP: 37/41 MP: 5/5
  1769 | D:3      | Found a faded altar of an unknown god.
  1851 | D:3      | Reached skill level 5 in Maces & Flails
  2097 | D:3      | Noticed an ogre
  2105 | D:3      | Killed an ogre
  2105 | D:3      | Reached XP level 6. HP: 24/47 MP: 6/6
  2588 | D:4      | Reached skill level 6 in Maces & Flails
  2641 | D:4      | Reached XP level 7. HP: 41/52 MP: 7/7
  2772 | D:4      | Found a sparkling altar of Nemelex Xobeh.
  2796 | D:4      | Found a white marble altar of Elyvilon.
  3425 | D:4      | Found a shadowy altar of Dithmenos.
  3586 | D:4      | Reached skill level 7 in Maces & Flails
  3758 | D:5      | Entered Level 5 of the Dungeon
  4134 | D:5      | Reached XP level 8. HP: 33/58 MP: 8/8
  4481 | D:5      | Reached skill level 8 in Maces & Flails
  4717 | D:6      | Found a staircase to the Ecumenical Temple.
  4750 | Temple   | Entered the Ecumenical Temple
  4775 | Temple   | Became a worshipper of Gozag Ym Sagoz the Greedy
  5041 | D:6      | Reached skill level 9 in Maces & Flails
  5080 | D:6      | Learned a level 2 spell: Blink
  5645 | D:7      | Reached skill level 10 in Maces & Flails
  5671 | D:7      | Reached XP level 9. HP: 33/64 MP: 9/9
  5971 | D:7      | Reached skill level 3 in Armour
  6218 | D:7      | Reached skill level 4 in Fighting
  6582 | D:7      | Found a basalt altar of Yredelemnul.
  6705 | D:7      | Reached skill level 4 in Armour
  6882 | D:7      | Reached skill level 5 in Fighting
  6882 | D:7      | Reached skill level 11 in Maces & Flails
  7002 | D:8      | Noticed Pikel
  7015 | D:8      | Reached XP level 10. HP: 74/74 MP: 10/10
  7135 | D:8      | Killed Pikel
  7260 | D:8      | Found a glowing silver altar of Zin.
  7429 | D:8      | Found a shimmering altar of Xom.
  7437 | D:8      | Found a shattered altar of Ashenzari.
  7437 | D:8      | Found an ancient bone altar of Kikubaaqudgha.
  7578 | D:8      | Noticed an orange crystal statue
  7795 | D:8      | Got a clouded bronze amulet
  7955 | D:7      | Identified the amulet "Xosch" {Inacc +Inv} (You found it on level 8 of the Dungeon)
  8110 | D:9      | Noticed a two-headed ogre
  8135 | D:9      | Killed a two-headed ogre
  8135 | D:9      | Reached skill level 6 in Fighting
  8346 | D:9      | Reached skill level 5 in Armour
  8825 | D:9      | Found a sparkling altar of Nemelex Xobeh.
  9364 | D:10     | Entered Level 10 of the Dungeon
  9519 | D:10     | Noticed a seven-headed hydra
  9520 | D:10     | Reached skill level 12 in Maces & Flails
  9524 | D:10     | Noticed a two-headed ogre
  9542 | D:10     | Noticed Psyche
 10602 | D:10     | Reached XP level 11. HP: 81/83 MP: 11/11
 11234 | D:10     | Reached skill level 7 in Fighting
 11876 | D:9      | Slain by a two-headed ogre

Vault maps used:
D:1:      scummos_arrival_forest, serial_bayou_pond_d
D:2:      uniq_sigmund
D:3:      first_bread, chequers_ecumenical_altar_simple_redux
D:4:      elyvilon_altar_3, lemuel_crystal_altar, nemelex_spade_bored_becter
D:5:      minmay_misc_feat_hallway
D:7:      the_bakery, lemuel_mausoleum_altar_yredelemnul
D:8:      minmay_statue_hallways, gammafunk_temple_overflow_forgotten,
          basic_altar, uniq_pikel
D:9:      nemelex_xobeh_ov_fountains_minmay
D:10:     grunt_lair_entry_orc_guard_hut, uniq_psyche
Temple:   regret_index_temple_waves

Skill      XL: |  1  2  3  4  5  6  7  8  9 10 11 |
---------------+----------------------------------+-----
Maces & Flails | 2 4 5 6 7 10 11 12 | 12.2
Armour         | 4 5 |  5.8
Fighting       | 5 6 7 |  7.1
Shields        | |  2.4

Action                   |  1- 3 |  4- 6 |  7- 9 | 10-12 || total
-------------------------+-------+-------+-------+-------++-------
Melee: Flail             |   115 |       |       |       ||   115
       Whip              |    22 |   124 |   624 |   528 ||  1298
       Halberd           |       |       |       |    18 ||    18
  Use: Scroll            |       |       |     6 |     8 ||    14
 Stab: Distracted        |       |       |       |     4 ||     4
Armor: Scale mail        |    65 |     1 |       |       ||    66
       Chain mail        |       |    35 |   173 |   190 ||   398
       Plate armour      |       |       |       |     2 ||     2
Dodge: Dodged            |    35 |     8 |    49 |    87 ||   179
Block: Shield            |    72 |    51 |   247 |   115 ||   485
       Reflection        |     1 |       |     8 |     3 ||    12
       Other             |       |       |       |    35 ||    35
